 Dungeon Crawl Stone Soup version 0.25.1-2-g60ff931df9 (webtiles) character file.

Game seed: 16801617398365967244

152 gruber the Spear-Bearer (level 5, -3/38 HPs)
             Began as a Merfolk Gladiator on Sept 11, 2020.
             Slain by an orc
             ... wielding a +2 vorpal hand axe
              (4 damage)
             ... on level 2 of the Dungeon.
             The game lasted 00:02:12 (2218 turns).

gruber the Spear-Bearer (Merfolk Gladiator)         Turns: 2218, Time: 00:02:13

Health: -3/38      AC:  4    Str: 15    XL:     5   Next: 34%
Magic:  5/5        EV: 14    Int:  7    God:
Gold:   106        SH:  0    Dex: 16    Spells: 4/4 levels left

rFire    . . .     SeeInvis .   a - +0 trident
rCold    . . .     Gourm    .   (no shield)
rNeg     . . .     Faith    .   b - +0 leather armour
rPois    .         Spirit   .   c - +0 helmet
rElec    .         Reflect  .   (no cloak)
rCorr    .         Harm     .   (no gloves)
MR       .....                  (no boots)
Stlth    +.........             (no amulet)
HPRegen  0.12/turn              (no ring)
MPRegen  0.09/turn              (no ring)

@: no status effects
A: change form in water, swift swim, stealthy swim
a: no special abilities


You were on level 2 of the Dungeon.
You were not hungry.

You visited 1 branch of the dungeon, and saw 3 of its levels.

You collected 106 gold pieces.

Inventory:

Hand Weapons
 a - a +0 trident (weapon)
Missiles
 d - 3 throwing nets (quivered)
 e - 17 poisoned darts
Armour
 b - a +0 leather armour (worn)
 c - a +0 helmet (worn)
Scrolls
 h - a scroll of enchant weapon {unknown}
 i - a scroll of magic mapping {unknown}
 l - a scroll of fear {unknown}
 m - a scroll of random uselessness {unknown}
 n - a scroll of amnesia {unknown}
 q - a scroll of identify {unknown}
 r - 3 scrolls of enchant armour {unknown}
 t - 2 scrolls of remove curse {unknown}
 u - a scroll of immolation {unknown}
Potions
 j - a potion of magic {unknown}
 k - 3 potions of stabbing {unknown}
 o - a potion of degeneration {unknown}
 p - a potion of haste {unknown}
 s - a potion of flight {unknown}
 v - a potion of invisibility {unknown}
Comestibles
 f - 4 rations


   Skills:
 - Level 2.1 Fighting
 + Level 8.5 Polearms
 - Level 2.0 Throwing
 - Level 4.0 Dodging


You had 4 spell levels left.
You didn't know any spells.
Your spell library was empty.

Dungeon Overview and Level Annotations

Branches:
Dungeon (3/15)

Altars:
Makhleb
Vehumet


Message History

The orc priest mumbles some strange prayers to Beogh against you.
Beogh smites you!
* * * LOW HITPOINT WARNING * * *
The orc hits you with a +0 hand axe.
* * * LOW HITPOINT WARNING * * *
The orc closely misses you.
You puncture the orc priest!
You kill the orc priest!
The orc barely misses you. The orc misses you.
You hit the orc but do no damage. The orc hits you but does no damage.
The orc hits you with a +2 vorpal hand axe.
* * * LOW HITPOINT WARNING * * *
x2 You hit the orc but do no damage.
You hit the orc.
The orc is heavily wounded.
The orc hits you with a +2 vorpal hand axe.
* * * LOW HITPOINT WARNING * * *
x2 The orc closely misses you.
The orc hits you with a +2 vorpal hand axe.
You die...

#..............
#.......#......
######.#..#...#
#...###.#.
###############..##.##.#
#....#..........##.#.##.
#....#.........##.#.#.##
#....)o.####..##.#.#.#.#
###...>@'....##.#.###.#.
#...o.######.#.##.##.#
#.....# ##.#.##.#.##.
#.....# ##.#.##.#.#.##
#.....###.#.##.#...#.#
#.....##.#.##.#.##..(.
#.....###.#.##)#.##.#.
#.....# ##.#.##.#.##.#
#.....# ##.#.##.#.##.


You could see 2 orcs.

Vanquished Creatures
  A hound (D:2)
  An orc priest (D:2)
  A gnoll (D:2)
  2 adders (D:2)
  An ooze (D:1)
  A worm (D:2)
  4 dart slugs (D:1)
  2 leopard geckos (D:2)
  A giant cockroach (D:1)
  8 hobgoblins
  A quokka (D:2)
  4 bats
  8 goblins
  8 kobolds
  8 rats
  A bush (D:1)
  A plant (D:1)
53 creatures vanquished.

Notes
Turn   | Place    | Note
-------+----------+-------------------------------------------
     0 | D:1      | gruber the Merfolk Gladiator began the quest for the Orb.
     0 | D:1      | Reached XP level 1. HP: 16/16 MP: 1/1
   101 | D:1      | Reached skill level 5 in Polearms
   140 | D:1      | Reached XP level 2. HP: 22/22 MP: 2/2
   344 | D:1      | Reached skill level 6 in Polearms
   344 | D:1      | Reached XP level 3. HP: 25/27 MP: 3/3
  1351 | D:2      | Found a burning altar of Makhleb.
  1360 | D:2      | Reached skill level 7 in Polearms
  1360 | D:2      | Reached XP level 4. HP: 11/33 MP: 4/4
  1641 | D:2      | Found a radiant altar of Vehumet.
  1984 | D:2      | Reached skill level 8 in Polearms
  1984 | D:2      | Reached XP level 5. HP: 38/38 MP: 5/5
  2217 | D:2      | HP: 1/38 [orc/+2 vorpal hand axe (1)]
  2218 | D:2      | Slain by an orc

Illustrated notes

Levels and vault maps discovered:
D:1:      eino_arrival_water_cross, layout_loops_ring, serial_forest,
          infiniplex_forest_clump_small, infiniplex_forest_clump_small,
          infiniplex_forest_clump_tiny, infiniplex_forest_diagonal,
          infiniplex_forest_clump_diagonal, infiniplex_forest_split,
          infiniplex_forest_corner_2, infiniplex_forest_lined_2,
          infiniplex_forest_clump_double, minmay_heptomino_h4
D:2:      minmay_inner_zag, layout_basic, makhleb_heckhound_becter,
          nicolae_overflow_crystal_walls, st_stairs_8, corexii_hall_statues_t
D:3:      layout_rooms, serial_glass, glass_columns_a, glass_columns_a,
          glass_columns_a, glass_columns_c, item_on_display_a,
          item_on_display_a, minmay_strange_pillars, gammafunk_ghost_grave,
          first_ration, lemuel_altar_in_water

Skill      XL: |  1  2  3  4 |
---------------+-------------+-----
Polearms       | 5 6 7 8 |  8.5
Fighting       | |  2.1
Throwing       | |  2.0
Dodging        | |  4.0

Action                   |  1- 3 |  4- 6 || total
-------------------------+-------+-------++-------
Melee: Trident           |   224 |    72 ||   296
 Stab: Sleeping          |       |     1 ||     1
  Eat: Chunk             |     2 |     3 ||     5
Armor: Leather armour    |    13 |    10 ||    23
Dodge: Dodged            |    38 |    37 ||    75
